 Dungeon Crawl Stone Soup version 0.31-a0-765-g67fe2935dc (webtiles) character file.

Game seed: 13156573601989745162

34316 quakins the Mimic (level 13, -3/133 HPs)
             Began as a Troll Shapeshifter on Sept 16, 2023.
             Was an Elder of Trog.
             Slain by a cane toad (6 damage)
             ... on level 5 of the Lair of Beasts.
             The game lasted 00:23:24 (13600 turns).

quakins the Mimic (Troll Shapeshifter)             Turns: 13600, Time: 00:23:24

Health: -3/133     AC:  9    Str: 29    XL:     13   Next: 41%
Magic:  12/12      EV:  9    Int:  6    God:    Trog [****..]
Gold:   928        SH:  5    Dex:  9    Spells: 12/12 levels left

rFire   . .          .
                       - Unarmed
rCold   . . .        A - melded +0 tower shield
rNeg    . . .        J - +0 steam dragon scales
rPois   .            (helmet restricted)
rElec   .            (no cloak)
rCorr   .            (gloves unavailable)
SInv    .            (boots unavailable)
Will    +....        z - amulet of reflection
Stlth   +            G - ring of willpower
HPRegen 1.22/turn    R - +4 ring of protection
MPRegen 0.13/turn

%: reflection
@: blade hands
A: large, unfitting armour, (claws 3), regeneration 1, shaggy fur 1, tough skin
1
a: Begin Untransformation, Renounce Religion, Berserk, Trog's Hand, Brothers in
Arms


You were on level 5 of the Lair of Beasts.
You worshipped Trog.
Trog was greatly pleased with you.
You had blades for hands.
You visited 3 branches of the dungeon, and saw 16 of its levels.

You collected 928 gold pieces.

Inventory:

Missiles
 e - 3 throwing nets
 g - 40 poisoned darts
Armour
 A - a +0 tower shield (melded)
 J - +0 steam dragon scales (worn)
Jewellery
 z - an amulet of reflection (around neck)
 G - a ring of willpower (left blade hand)
 I - a ring of protection from cold
 R - a +4 ring of protection (right blade hand)
Talismans
 c - a beast talisman
 d - a flux talisman
 p - a blade talisman (active)
Wands
 u - a wand of polymorph (61)
 y - a wand of flame (38)
 H - a wand of iceblast (3)
 L - a wand of mindburst (2)
 Q - a wand of paralysis (7)
 S - a wand of quicksilver (5)
Scrolls
 a - 2 scrolls of fog {unknown}
 b - a scroll of summoning {unknown}
 f - 4 scrolls of enchant weapon
 i - a scroll of torment
 j - 3 scrolls of enchant armour
 m - a scroll of fear
 n - 3 scrolls of vulnerability
 o - 3 scrolls of amnesia {unknown}
 s - 6 scrolls of brand weapon
 t - 3 scrolls of immolation
 v - 2 scrolls of silence
 x - a scroll of acquirement {unknown}
 C - 2 scrolls of poison
 D - 2 scrolls of noise
 E - 2 scrolls of blinking {unknown}
 F - 2 scrolls of teleportation {unknown}
Potions
 h - 3 potions of resistance {unknown}
 k - 2 potions of degeneration {unknown}
 l - 3 potions of attraction {unknown}
 q - 2 potions of brilliance {unknown}
 r - 2 potions of curing
 w - a potion of heal wounds {unknown}
 K - 2 potions of might {unknown}
 M - a potion of cancellation
 N - a potion of magic {unknown}
 O - 2 potions of enlightenment {unknown}
 P - a potion of haste {unknown}


   Skills:
 - Level 10.0 Fighting
 - Level 4.0 Armour
 - Level 1.5 Dodging
 + Level 13.2 Unarmed Combat
 - Level 14.0 Shapeshifting


You had 12 spell levels left.
You didn't know any spells.
Your spell library contained the following spells:

 Spells                   Type           Power      Damage    Failure   Level
 Ensorcelled Hibernation  Hex/Ice        0%         N/A       58%         2
 Passwall                 Tmut/Erth      0%         N/A       58%         2
 Swiftness                Air            0%         N/A       83%         3
 Passage of Golubria      Tloc           0%         N/A       99%         4
 Vhi's Electric Charge    Tloc/Air       0%         N/A       99%         4
 Arcjolt                  Conj/Air       0%         1d10      100%        5
 Silence                  Hex/Air        0%         N/A       100%        5
 Lehudib's Crystal Spear  Conj/Erth      0%         10d2      100%        8
 Maxwell's Capacitive Co  Air            0%         ∞         100%        8


Dungeon Overview and Level Annotations

Branches:
Dungeon (10/15)            Temple (1/1) D:6            Lair (5/5) D:9
  Swamp (0/4) Lair:2       Spider (0/4) Lair:2        Slime (0/5) Lair:5
    Orc: D:9-12

Altars:
Ashenzari
Cheibriados
Dithmenos
Elyvilon
Fedhas
Gozag
Hepliaklqana
Kikubaaqudgha
Makhleb
Nemelex Xobeh
Okawaru
Ru
Sif Muna
Trog
Uskayaw
Vehumet
Xom
Yredelemnul
Zin
The Shining One
Jiyva

Shops:
D:5 *[   D:6 [[

Annotations:
D:10 1 runed translucent door, thriggle's ghost, journeyman BaMo
Lair:1 exclusion: oklob plant


Innate Abilities, Weirdness & Mutations

You have blades for hands.
You are incapable of wielding weapons or throwing items.
You are too large for most types of armour.
((You have claws for hands.))
Your natural rate of healing is unusually fast.
You are covered in fur. (AC +1)
You have tough skin. (AC +1)


Message History

You barely miss the blink frog.
You slash the blink frog, but do no damage.
The blink frog is moderately wounded.
You feel very sick.
The blink frog hits you but does no damage.
The blink frog is engulfed in poison gas.
The blink frog looks as sick as possible!
The blink frog blinks!
You slice the blink frog!!
You kill the blink frog!
Trog accepts your kill.
You feel sick.
The blink frog is engulfed in poison gas.
The blink frog looks as sick as possible!
The blink frog blinks!
The cane toad barely misses you.
You feel very sick.
The blink frog is engulfed in poison gas.
The blink frog looks as sick as possible!
You kill the blink frog!
Trog accepts your kill. You block the cane toad's attack.
The cane toad completely misses you.
A cane toad is nearby!
You feel sick. The cane toad stings you!
* * * LOW HITPOINT WARNING * * *
You slash the cane toad! Your slash misses the cane toad.
The cane toad is lightly wounded.
You feel sick. You block the cane toad's attack.
You slash the cane toad!
The cane toad is severely wounded.
You carefully extract the barbed spikes from your body.
You feel sick. The cane toad stings you.
* * * LOW HITPOINT WARNING * * *
You are lethally poisoned!
The cane toad poisons you!
You feel better. The cane toad stings you!
* * * LOW HITPOINT WARNING * * *
You slash the cane toad!
The cane toad is severely wounded.
The cane toad stings you.
You die...

.§##$.
§☼.§§.
○§○..§
#°.○.○§
####°§.☼..#
##§#§○.§.☼#
#§°†○†○☼☼#
#...@F§#.#
##§§.○○§.#
#°°○°○☼#○#
###.°☼°○§§##
##°☼§§☼○#§##
#§§§§§○☼.##
##°#§.☼.☼##
#...○☼§☼##
##.....##


You could see a cane toad.

Vanquished Creatures
  2 hydras
  2 boulder beetles
  6 death yaks (Lair:2)
  2 skysharks
  A sea snake (Lair:5)
  An orb spider (Lair:2)
  2 manticores (Lair:5)
  3 black mambas
  6 rime drakes
  5 elephants (Lair:5)
  8 cane toads
  Maggie (D:6)
  An unseen horror (D:10)
  9 komodo dragons
  A troll (D:9)
  2 hornets (D:10)
  4 polar bears
  Prince Ribbit (D:5)
  Grinder (D:3)
  9 blink frogs
  Sigmund (D:3)
  7 wyverns
  A wraith (D:10)
  24 yaks
  5 basilisks
  2 steam dragons
  21 water moccasins
  Duvessa (D:6)
  2 black bears (D:6)
  An orc warrior (D:8)
  7 wolves
  The ghost of Wurlitzer the Shield-Bearer, an amateur FoFi (D:3)
  2 ogres
  A phantom (D:5)
  2 centaurs
  Blork the orc (D:5)
  2 kobold brigands (D:10)
  13 bullfrogs
  2 gnoll sergeants (D:9)
  2 scorpions
  12 wights
  Dowan (D:6)
  15 killer bees
  2 howler monkeys
  6 hounds
  A jelly (D:8)
  4 orc priests
  2 sleepcaps
  Jessica (D:3)
  Terence (D:3)
  5 iguanas
  4 orc wizards
  10 gnolls
  10 adders
  2 shadow imps (D:7)
  3 white imps
  3 ufetubi
  11 dart slugs
  14 orcs
  10 ball pythons
  10 endoplasms
  7 giant cockroaches
  4 goblins
  5 hobgoblins
  15 kobolds
  2 quokkas
  6 bats
  4 frilled lizards
  6 rats
341 creatures vanquished.

Notes
Turn   | Place    | Note
-------+----------+-------------------------------------------
     0 | D:1      | quakins the Troll Shapeshifter began the quest for the Orb.
     0 | D:1      | Reached XP level 1. HP: 18/18 MP: 0/0
    38 | D:1      | Reached XP level 2. HP: 18/26 MP: 1/1
   747 | D:2      | Reached XP level 3. HP: 32/32 MP: 2/2
  1112 | D:2      | Reached XP level 4. HP: 40/40 MP: 3/3
  1130 | D:2      | Reached skill level 5 in Unarmed Combat
  1470 | D:3      | Noticed Sigmund
  1478 | D:3      | Killed Sigmund
  1479 | D:3      | Reached XP level 5. HP: 39/46 MP: 4/4
  1582 | D:3      | Reached skill level 4 in Shapeshifting
  1668 | D:3      | Noticed Grinder
  1673 | D:3      | Paralysed by Grinder for 5 turns
  1689 | D:3      | Killed Grinder
  1690 | D:3      | Reached skill level 5 in Shapeshifting
  1690 | D:3      | Reached XP level 6. HP: 54/54 MP: 5/5
  1717 | D:3      | Noticed Terence
  1725 | D:3      | Killed Terence
  1810 | D:3      | Noticed Jessica
  1820 | D:3      | Killed Jessica
  1821 | D:3      | Reached XP level 7. HP: 50/61 MP: 6/6
  2038 | D:3      | Found a faded altar of an unknown god.
  2256 | D:3      | Found a runed translucent door.
  2261 | D:3      | Noticed Wurlitzer's ghost (amateur FoFi)
  2268 | D:3      | Killed Wurlitzer's ghost
  2269 | D:3      | Reached skill level 6 in Shapeshifting
  2395 | D:4      | Found a hide-covered altar of Uskayaw.
  2398 | D:4      | Noticed a +0 dagger
  2398 | D:4      | Noticed a +0 dagger
  2425 | D:4      | Found a shadowy altar of Dithmenos.
  2702 | D:4      | Found a sacrificial altar of Ru.
  2719 | D:4      | Found a basalt altar of Yredelemnul.
  2719 | D:4      | Found a burning altar of Makhleb.
  2947 | D:5      | Entered Level 5 of the Dungeon
  2947 | D:5      | Found Senkoz's Armour Emporium.
  3073 | D:5      | Noticed Blork the orc
  3083 | D:5      | Killed Blork the orc
  3084 | D:5      | Reached skill level 7 in Shapeshifting
  3251 | D:5      | Reached XP level 8. HP: 22/68 MP: 7/7
  3296 | D:5      | Found Xybluh's Overcharged Wands.
  3388 | D:5      | Noticed Prince Ribbit
  3403 | D:5      | Killed Prince Ribbit
  4069 | D:6      | Found a staircase to the Ecumenical Temple.
  4123 | D:6      | Found Ilunusim's Antique Armour Shoppe.
  4149 | Temple   | Entered the Ecumenical Temple
  4160 | Temple   | Became a worshipper of Trog the Wrathful
  4239 | D:6      | Reached skill level 10 in Unarmed Combat
  4280 | D:6      | Reached skill level 1 in Fighting
  4412 | D:6      | Found a sparkling altar of Nemelex Xobeh.
  4418 | D:6      | Reached XP level 9. HP: 76/76 MP: 8/8
  4491 | D:6      | Noticed Duvessa
  4491 | D:6      | Noticed Dowan
  4494 | D:6      | Killed Duvessa
  4521 | D:6      | Killed Dowan
  4639 | D:6      | Found an iron altar of Okawaru.
  4694 | D:6      | Found Uttei's Antique Armour Emporium.
  4745 | D:6      | Noticed Maggie
  4845 | D:7      | Found a broken altar of Ashenzari.
  4949 | D:7      | Reached * piety under Trog
  5077 | D:7      | Reached skill level 8 in Shapeshifting
  5188 | D:7      | Found a hazy altar of Hepliaklqana.
  5255 | D:7      | Found an ancient bone altar of Kikubaaqudgha.
  5257 | D:7      | Found a radiant altar of Vehumet.
  5327 | D:7      | Found a shimmering blue altar of Sif Muna.
  5584 | D:6      | Killed Maggie
  5585 | D:6      | Reached skill level 9 in Shapeshifting
  5826 | D:8      | Reached XP level 10. HP: 91/92 MP: 9/9
  5904 | D:8      | Reached ** piety under Trog
  6098 | D:8      | Reached skill level 10 in Shapeshifting
  6400 | D:9      | Found an opulent altar of Gozag.
  6865 | D:9      | Found a staircase to the Lair.
  7205 | D:10     | Entered Level 10 of the Dungeon
  7294 | D:10     | Reached skill level 5 in Fighting
  7367 | D:10     | Paralysed by a hornet for 2 turns
  7460 | D:10     | Reached *** piety under Trog
  7473 | D:10     | Paralysed by a hornet for 3 turns
  7715 | D:10     | Found a runed translucent door.
  7715 | D:10     | Found a shimmering altar of Xom.
  7715 | D:10     | Noticed thriggle's ghost (journeyman BaMo)
  8110 | D:10     | Noticed a +1 halberd of chaos
  8211 | Lair:1   | Entered Level 1 of the Lair of Beasts
  8261 | D:9      | Reached skill level 11 in Shapeshifting
  8289 | Lair:1   | Noticed a skyshark
  8481 | Lair:1   | Killed a skyshark
  8503 | Lair:1   | Noticed a boulder beetle
  8796 | Lair:1   | Killed a boulder beetle
  8797 | Lair:1   | Reached XP level 11. HP: 90/105 MP: 10/10
  8890 | Lair:1   | Reached skill level 12 in Shapeshifting
  8954 | Lair:1   | You fall into a shaft and drop 1 floor!
  9134 | Lair:2   | Reached skill level 13 in Shapeshifting
  9223 | Lair:1   | Noticed an oklob plant
 10020 | Lair:2   | Noticed a death yak
 10020 | Lair:2   | Noticed a death yak
 10021 | Lair:2   | Noticed a death yak
 10022 | Lair:2   | Noticed a death yak
 10022 | Lair:2   | Noticed a death yak
 10032 | Lair:2   | Noticed a death yak
 10045 | Lair:2   | Killed a death yak
 10054 | Lair:2   | Killed a death yak
 10055 | Lair:2   | Reached skill level 14 in Shapeshifting
 10066 | Lair:2   | Killed a death yak
 10073 | Lair:2   | Killed a death yak
 10080 | Lair:2   | Killed a death yak
 10083 | Lair:2   | Killed a death yak
 10084 | Lair:2   | Reached XP level 12. HP: 50/118 MP: 11/11
 10306 | Lair:2   | Found a staircase to the Swamp.
 10341 | Lair:2   | Reached **** piety under Trog
 10620 | Lair:2   | Noticed a four-headed hydra
 10632 | Lair:2   | Killed a nine-headed hydra
 10869 | Lair:2   | Found a hole to the Spider Nest.
 11562 | Lair:3   | Noticed a boulder beetle
 11580 | Lair:3   | Killed a boulder beetle
 11603 | Lair:3   | Reached skill level 10 in Fighting
 12563 | Lair:4   | Reached skill level 1 in Armour
 13187 | Lair:5   | Entered Level 5 of the Lair of Beasts
 13312 | Lair:5   | Reached XP level 13. HP: 82/133 MP: 12/12
 13357 | Lair:5   | HP: 6/133 [wyvern (4)]
 13563 | Lair:5   | Found a viscous altar of Jiyva.
 13564 | Lair:5   | Found a staircase to the Slime Pits.
 13599 | Lair:5   | HP: 2/133 [cane toad (14)]
 13600 | Lair:5   | Slain by a cane toad

Illustrated notes

Levels and vault maps discovered:
D:1:      psy_arrival_basics, layout_loops_ring, st_stairs_9,
          minmay_misc_feat_columns
D:2:      layout_basic, minmay_tripent
D:3:      layout_loops_ring, dreamdust_ecumenical_altar_hidden_monk_grotto,
          ebering_ghost_reflecting_pool, uniq_grinder, uniq_jessica,
          uniq_sigmund, uniq_terence
D:4:      kennysheep_slugbush, layout_cave_pools, overflow_temple_1_default,
          dancing_weapons_uskayaw, mainiacjoe_overflow_alcove_1,
          chequers_temple_overflow_statue_of_worship, minmay_misc_feat_pillars,
          grunt_decor_clamped
D:5:      layout_loops_ring, serial_shops, nicolae_shop_hallway_stairs,
          nicolae_shop_overcharged_wands, uniq_blork_the_orc,
          uniq_prince_ribbit1
D:6:      layout_loops_ring, mainiacjoe_overflow_alcove_2,
          hellmonk_okawaru_the_only_friend_you_need,
          minmay_temple_entry_water_ring, serial_shops,
          nicolae_shop_gibbet_a_chance, shop, uniq_duvessa, uniq_maggie
D:7:      layout_loops_ring, grunt_temple_overflow_magic_moments,
          mainiacjoe_overflow_six_doors_small, ashenzari_altar_1
D:8:      layout_rooms
D:9:      layout_loops_ring, nicolae_gozag_cash_rules_everything_around_me,
          nicolae_overflow_hidden_temple
D:10:     layout_loops_ring, ebering_ghost_xom
Temple:   hellmonk_temple_rainy
Lair:1:   layout_long_grid, infiniplex_staircase_pool
Lair:2:   layout_regular_city, minmay_swamp_entry_reptiles,
          nicolae_spider_entry_orb_guardian, st_stairs_11, grunt_megastairs_4,
          serial_bayou_shore_b
Lair:3:   layout_gridlike, minivault_11, chequers_serial_rivers_large_b,
          infiniplex_staircase_pool_2
Lair:4:   layout_concentric_octagons, columned_hall_lemuel
Lair:5:   gammafunk_lair_ancient_temple, layout_hall_layers, slime_entry_1,
          gauntlet_entry_generic, eino_house_with_fridge

Skill      XL: |  1  2  3  4  5  6  7  8  9 10 11 12 13 |
---------------+----------------------------------------+-----
Unarmed Combat | 4 6 10 11 13 | 13.2
Shapeshifting  | 5 7 9 11 14 | 14.0
Fighting       | 1 4 6 7 10 | 10.0
Armour         | 3 4 |  4.0
Dodging        | |  1.5

Action                     |  1- 3 |  4- 6 |  7- 9 | 10-12 | 13-15 || total
---------------------------+-------+-------+-------+-------+-------++-------
  Melee: Unarmed           |    67 |    55 |   239 |   604 |    91 ||  1056
         Punch             |       |     1 |     1 |     3 |     5 ||    10
 Invoke: Berserk           |       |       |       |     4 |     1 ||     5
         Trog's Hand       |       |       |       |     2 |     1 ||     3
  Evoke: Wand              |       |       |     1 |     5 |       ||     6
    Use: Potion            |       |     1 |     1 |     3 |     2 ||     7
         Scroll            |       |       |     2 |     3 |     6 ||    11
   Stab: Sleeping          |       |     1 |       |       |       ||     1
 Armour: Animal skin       |    25 |    18 |   164 |    27 |       ||   234
         Skin              |       |    13 |    15 |    12 |       ||    40
         Steam dragon scal |       |       |       |   387 |    76 ||   463
  Dodge: Dodged            |    22 |    14 |    76 |   199 |    39 ||   350
  Block: Tower shield      |       |       |    39 |    69 |       ||   108
         Reflection        |       |       |     2 |     1 |       ||     3
         Other             |       |       |       |    83 |    21 ||   104
   Form: Flux              |       |       |       |     1 |       ||     1
         Blade             |       |       |       |     1 |       ||     1

Table legend: (Time is in decaauts)
 A = Elapsed time spent in this place.
 B = Non-inter-level travel time spent in this place.
 C = Inter-level travel time spent in this place.
 D = Time resting spent in this place.
 E = Time spent auto-exploring this place.
 F = Levels seen in this place.
 G = Mean time per level.
                   A        B        C        D        E       F      G
               +--------+--------+--------+--------+--------+-----+--------+
         Total |  13518 |  12969 |    549 |   1488 |   9009 |  16 |  844.9 |
       Dungeon |   8679 |   8270 |    409 |    975 |   5867 |  10 |  867.9 |
        Temple |     21 |     21 |      0 |      0 |      0 |   1 |   21.0 |
          Lair |   4816 |   4677 |    139 |    513 |   3142 |   5 |  963.2 |
               +--------+--------+--------+--------+--------+-----+--------+

Top non-repeatable levels by time:
  Lair:2: 1629 daAuts
     D:9: 1452 daAuts
  Lair:3: 1101 daAuts
     D:5: 1083 daAuts
    D:10: 983 daAuts
  Lair:1: 944 daAuts
     D:3: 886 daAuts
     D:6: 883 daAuts
     D:7: 775 daAuts
  Lair:4: 768 daAuts
     D:2: 736 daAuts
     D:1: 708 daAuts
     D:4: 597 daAuts
     D:8: 572 daAuts
  Lair:5: 372 daAuts
